 Dungeon Crawl Stone Soup version 0.29-a0-25-g7f48f510a0 (webtiles) character file.

Game seed: 10149270245883661557

27 Wyvernaa the Skirmisher (level 2, -7/24 HPs)
             Began as a Demonspawn Fighter on Jan 31, 2022.
             Killed by divine providence
             ... invoked by an orc priest
              (17 damage)
             ... on level 2 of the Dungeon.
             The game lasted 00:02:29 (1081 turns).

Wyvernaa the Skirmisher (Demonspawn Fighter)        Turns: 1081, Time: 00:02:31

Health: -7/24      AC: 10    Str: 16    XL:     2   Next: 93%
Magic:  2/2        EV:  5    Int:  9    God:
Gold:   32         SH:  8    Dex: 12    Spells: 1/1 levels left

rFire   . . .      SeeInvis .   a - +0 flail
rCold   . . .      Faith    .   g - +0 kite shield
rNeg    . . .      Spirit   .   c - +0 chain mail
rPois   .          Reflect  .   (no helmet)
rElec   .          Harm     .   (no cloak)
rCorr   .          Rampage  .   e - +0 pair of gloves
Will    .....                   (no boots)
Stlth   ..........              (no amulet)
HPRegen 0.08/turn               (no ring)
MPRegen 0.08/turn               (no ring)

@: no status effects
A: hooves 1
a: no special abilities


You were on level 2 of the Dungeon.
You visited 1 branch of the dungeon, and saw 2 of its levels.

You collected 32 gold pieces.

Inventory:

Hand Weapons
 a - a +0 flail (weapon)
Armour
 b - a +0 scale mail
 c - a +0 chain mail (worn)
 e - a +0 pair of gloves (worn)
 g - a +0 kite shield (worn)
Scrolls
 f - a scroll of teleportation {unknown}
 i - 3 scrolls of blinking {unknown}
Potions
 d - a potion of might
 h - a potion of berserk rage {unknown}


   Skills:
 + Level 3.2 Fighting
 + Level 2.1 Maces & Flails
 + Level 3.1 Armour
 + Level 0.1 Stealth
 + Level 3.0 Shields


You had one spell level left.
You didn't know any spells.
Your spell library contained the following spells:

 Spells                   Type           Power      Damage    Failure   Level
 Blink                    Tloc           0%         N/A       100%        2
 Manifold Assault         Tloc           0%         N/A       100%        5
 Storm Form               Tmut/Air       0%         N/A       100%        7


Dungeon Overview and Level Annotations

Branches:
Dungeon (2/15)

Altars:


Innate Abilities, Weirdness & Mutations

You have large cloven feet.


Message History

The goblin completely misses you.
You closely miss the goblin.
The goblin is moderately wounded.
You block the goblin's attack. x2
You sock the goblin!
You kill the goblin!
No target in view!
No target in view!
Things that are here:
a +0 club; a goblin corpse You open the door.
Found a faded altar of an unknown god.
Things that are here:
a +0 club; a goblin corpse
There is an open door here.
i - 3 scrolls labelled LEMILI QATULUE An orc, an orc priest, a hobgoblin and a rat come into view.
Found an escape hatch in the ceiling.
The orc shouts!
The orc priest shouts!
The hobgoblin shouts!
You hear a shout!
An orc comes into view. It is wielding a +0 hand axe.
An orc wizard comes into view. It is wielding a +0 dagger.
You hear a shout!
There are monsters nearby!
There are monsters nearby!
An orc wizard comes into view. It is wielding a +0 dagger.
Found 10 gold pieces.
The orc wizard shouts!
The orc shouts!
You hit the orc priest.
The orc priest is lightly wounded.
The orc priest mumbles some strange prayers to Beogh against you.
Beogh smites you!
Ouch! That really hurt!
You block the orc priest's attack.
You closely miss the orc priest.
You kick the orc priest, but do no damage.
A ball python comes into view.
The orc priest invokes the aid of Beogh against you.
Beogh smites you!
Ouch! That really hurt!
You die...

#..........##
#.....#
####.......#
#.....# #.##.##.#
###.### #.##..#.#
#.#
#.###.S.######.###
#.###.#...........
#.........#####.##
##.....#..# #.#
##@###<..#.#####.#
...#####o##
##..........#
....o.ogr#
#..........#
...og#...#
#.#..###...# .o.
#.##.# #.....#
...# o #.
#...###### #...#
#. ... # #$ .##.#
#. .#


You could see an orc priest, an orc wizard, a hobgoblin, a ball python
(wandering) and a rat.

Vanquished Creatures
  A dart slug (D:1)
  2 endoplasms
  3 goblins
  3 jackals (D:1)
  3 ball pythons
  7 frilled lizards (D:1)
  4 kobolds (D:1)
  3 rats (D:1)
26 creatures vanquished.

Notes
Turn   | Place    | Note
-------+----------+-------------------------------------------
     0 | D:1      | Wyvernaa the Demonspawn Fighter began the quest for the
                  | Orb.
     0 | D:1      | Reached XP level 1. HP: 18/18 MP: 1/1
   169 | D:1      | Gained mutation: You have large cloven feet. [demonic
                  | ancestry]
   169 | D:1      | Reached XP level 2. HP: 24/24 MP: 2/2
  1057 | D:2      | Found a faded altar of an unknown god.
  1081 | D:2      | Killed from afar by an orc priest

Illustrated notes

Levels and vault maps discovered:
D:1:      eino_arrival_druids_welcome, layout_basic
D:2:      layout_loops_cross, hellmonk_ecumenical_altar_inner_sanctum,
          kennysheep_generic_room_9

Skill      XL: |  1  2 |
---------------+-------+-----
Armour         | 3 |  3.1
Maces & Flails | 2 |  2.1
Shields        | 3 |  3.0
Fighting       | |  3.2
Stealth        | |  0.1

Action                   || total
-------------------------++-------
Melee: Flail             ||    85
       Kick              ||     5
  Use: Scroll            ||     1
Armor: Scale mail        ||    36
       Chain mail        ||    10
Dodge: Dodged            ||    27
Block: Buckler           ||     5
       Kite shield       ||    34

Table legend: (Time is in decaauts)
 A = Elapsed time spent in this place.
 B = Non-inter-level travel time spent in this place.
 C = Inter-level travel time spent in this place.
 D = Time resting spent in this place.
 E = Time spent auto-exploring this place.
 F = Levels seen in this place.
 G = Mean time per level.
                   A        B        C        D        E       F      G
               +--------+--------+--------+--------+--------+-----+--------+
         Total |   1117 |   1087 |     30 |    134 |    694 |   2 |  558.5 |
       Dungeon |   1117 |   1087 |     30 |    134 |    694 |   2 |  558.5 |
               +--------+--------+--------+--------+--------+-----+--------+

Top non-repeatable levels by time:
     D:1: 959 daAuts
     D:2: 158 daAuts
